 Dungeon Crawl Stone Soup version 0.32-a0-391-gce5c0aab1b (webtiles) character file.

Game seed: 18397337670192107685

105 2tousent the Shooter (level 4, 0/10 HPs)
             Began as a Coglin Hunter on Feb 19, 2024.
             Slain by Jessica
             ... wielding a +0 club
              (4 damage)
             ... on level 2 of the Dungeon.
             The game lasted 00:03:30 (1178 turns).

2tousent the Shooter (Coglin Hunter)                Turns: 1178, Time: 00:03:30

Health: 0/10       AC:  0    Str: 14    XL:     4   Next: 83%
Magic:  4/4        EV: 16    Int:  8    God:
Gold:   124        SH:  0    Dex: 17    Spells: 3/3 levels left

rFire   . . .        a - melded +0 shortbow {Busisiwe}
rCold   . . .        (shield currently unavailable)
rNeg    . . .        c - melded +0 leather armour
rPois   .            (no helmet)
rElec   .            (no cloak)
rCorr   .            (no gloves)
SInv    .            (no boots)
Will    .....        (no amulet)
Stlth   +            (no ring)
HPRegen 0.21/turn    (no ring)
MPRegen 0.09/turn

%: no passive effects
@: flux-form, weak-willed, slowed, glowing, revving, very slow
A: glow, contaminating, reduced hp, off-hand wielding, slow wielding, warmup
strikes, warmup strides
a: Begin Untransformation


You were on level 2 of the Dungeon.
You were something dangerously unstable.
You visited 1 branch of the dungeon, and saw 3 of its levels.

You collected 124 gold pieces.

Inventory:

Hand Weapons
 a - a +0 shortbow (melded) {Busisiwe}
Armour
 c - a +0 leather armour (melded)
Talismans
 j - a flux talisman (active)
Scrolls
 b - a scroll of butterflies
 i - a scroll of revelation
Potions
 d - a potion of curing
 f - a potion of brilliance
 h - a potion of enlightenment {unknown}
 l - a potion of mutation {unknown}


   Skills:
 + Level 2.9 Fighting
 * Level 4.5 Ranged Weapons
 + Level 1.4 Armour
 - Level 2.0 Dodging
 - Level 1.1 Stealth


You had 3 spell levels left.
You didn't know any spells.
Your spell library contained the following spells:

 Spells                   Type           Power      Damage    Failure   Level
 Inner Flame              Hex/Fire       0%         N/A       78%         3
 Brom's Barrelling Bould  Conj/Erth      0%         2d3       99%         4
 Fireball                 Conj/Fire      0%         3d3       100%        5
 Irradiate                Conj/Alch      0%         3d11      100%        5
 Iskenderun's Battlesphe  Conj           0%         2d6       100%        5
 Conjure Ball Lightning   Conj/Air       0%         3x3d6     100%        6
 Orb of Destruction       Conj           0%         9d5       100%        7
 Ignition                 Fire           0%         3d3       100%        8


Dungeon Overview and Level Annotations

Branches:
Dungeon (3/15)

Altars:

Annotations:
D:2 Jessica


Innate Abilities, Weirdness & Mutations

You are something dangerously unstable.
You glow with magical radiation, making you easy to see and hit.
Foes you strike become dangerously contaminated with magical radiation.
Your maximum health is decreased, since you lack skill for your form.
You are incapable of wielding weapons or throwing items.
You can wield a second weapon in your off-hand.
It takes a long time for you to wield or remove held weapons.
Your first few attacks do less damage.
Your first movements take longer.


Message History

Okay, then.
Okay, then.
You feel better.
Jessica casts a spell.
Jessica blinks!
There are no items here.
The bat barely misses you.
Jessica shouts, "Stop bothering me, or I'll kill you!"
The bat closely misses you.
You can't wield anything in your present form.
Unknown command.
You hit the bat but do no damage.
The bat begins to glow.
The bat barely misses you. The bat misses you. The bat barely misses you.
Jessica gestures wildly while chanting.
Jessica blinks!
The bat misses you.
There is a stone staircase leading down here.
Jessica stops glowing.
Jessica casts a spell at you.
You feel yourself slow down. The bat attacks as it pursues you!
The bat hits you. x2
Jessica barely misses you.
You hit Jessica.
Jessica begins to glow.
Jessica is moderately wounded.
The bat misses you. Jessica closely misses you. Jessica casts a spell at you.
Pain shoots through your body!
You hit Jessica but do no damage.
Jessica glows dangerously bright.
Jessica is moderately wounded.
The bat stops glowing.
The bat hits you. Jessica closely misses you.
You hit Jessica.
Jessica shudders as magic cascades through her.
Jessica twists and deforms.
Jessica is heavily wounded.
The bat hits you. Jessica closely misses you.
Jessica mumbles some strange words.
Jessica blinks!
The bat hits you. The bat closely misses you. Jessica hits you with a +0 club.
You die...

.......# #...###.###.###......#
.......# #.....).# #..(#......#
......### #...###.###.###.######
........####.....#.....#...###
.....##...##.....###.###...†.#
..[..####....###...#.#...###.###
....(# ####..###b.###..####..<#
.....# ##.###.......######.##
.....# #...p@#.....### #...
.....# #####..>...#### ###.
###### ############### #.
##########<##########
##########.........#.
##################.#.
############### #...
############### ####
###############


You could see Jessica (misshapen) and a bat.

Vanquished Creatures
  2 gnolls
  2 adders (D:2)
  A bat (D:1)
  4 endoplasms
  A giant cockroach (D:1)
  5 hobgoblins (D:2)
  7 jackals (D:1)
  5 kobolds
  2 quokkas (D:2)
  2 ball pythons (D:2)
  A frilled lizard (D:2)
  3 goblins
  2 rats (D:1)
37 creatures vanquished.

Notes
Turn   | Place    | Note
-------+----------+-------------------------------------------
     0 | D:1      | 2tousent the Coglin Hunter began the quest for the Orb.
     0 | D:1      | Reached XP level 1. HP: 16/16 MP: 1/1
    60 | D:1      | Reached skill level 1 in Stealth
    71 | D:1      | Reached XP level 2. HP: 22/22 MP: 2/2
   160 | D:1      | Reached XP level 3. HP: 23/28 MP: 3/3
   163 | D:1      | Reached skill level 4 in Ranged Weapons
   653 | D:2      | Reached skill level 1 in Armour
   653 | D:2      | Reached XP level 4. HP: 33/34 MP: 4/4
  1161 | D:3      | Noticed Jessica
  1178 | D:2      | Slain by Jessica

Illustrated notes

Levels and vault maps discovered:
D:1:      minmay_arrival_radiant_lines, layout_rooms
D:2:      layout_basic, minmay_quantized
D:3:      layout_loops_ring, nicolae_qazlal_scattered_showers,
          shapermc_ecumenical_altar_mp_ritualfount, uniq_jessica

Skill      XL: |  1  2  3 |
---------------+----------+-----
Stealth        | 1 |  1.1
Dodging        | 2 |  2.0
Ranged Weapons | 4 |  4.5
Armour         | 1 |  1.4
Fighting       | |  2.9

Action                     |  1- 3 |  4- 6 || total
---------------------------+-------+-------++-------
  Melee: Unarmed           |       |     8 ||     8
   Fire: Shortbow          |    85 |    36 ||   121
    Use: Scroll            |       |     6 ||     6
         Potion            |       |     1 ||     1
   Stab: Sleeping          |       |     1 ||     1
 Armour: Leather armour    |    28 |     3 ||    31
         Skin              |       |     7 ||     7
  Dodge: Dodged            |    27 |    27 ||    54
   Form: Flux              |       |     1 ||     1

Table legend: (Time is in decaauts)
 A = Elapsed time spent in this place.
 B = Non-inter-level travel time spent in this place.
 C = Inter-level travel time spent in this place.
 D = Time resting spent in this place.
 E = Time spent auto-exploring this place.
 F = Levels seen in this place.
 G = Mean time per level.
                   A        B        C        D        E       F      G
               +--------+--------+--------+--------+--------+-----+--------+
         Total |   1258 |   1232 |     26 |    133 |    843 |   3 |  419.3 |
       Dungeon |   1258 |   1232 |     26 |    133 |    843 |   3 |  419.3 |
               +--------+--------+--------+--------+--------+-----+--------+

Top non-repeatable levels by time:
     D:2: 678 daAuts
     D:1: 574 daAuts
     D:3: 5 daAuts
